 Dungeon Crawl Stone Soup version 0.30.1-11-g7821555f0a (webtiles) character file.

Game seed: 4929634233913803132

11505 Ijustatesigmund the Thaumaturge (level 11, -3/83 HPs)
             Began as a Gnoll Earth Elementalist on Dec 1, 2023.
             Was a Follower of Vehumet.
             Slain by a vampire (10 damage)
             ... on level 10 of the Dungeon.
             The game lasted 00:37:05 (12496 turns).

Ijustatesigmund the Thaumaturge (GnEE)             Turns: 12496, Time: 00:37:06

Health: -3/83      AC: 16    Str:  7    XL:     11   Next: 78%
Magic:  23/23      EV: 14    Int: 25    God:    Vehumet [*.....]
Gold:   315        SH:  0    Dex: 13    Spells: 13/27 levels left

rFire   . . .        g - +7 battleaxe (freeze)
rCold   . . .        (shield currently unavailable)
rNeg    . . .        a - +3 leather armour
rPois   .            f - +1 helmet
rElec   .            w - +2 cloak
rCorr   .            z - +1 pair of gloves
SInv    .            A - +0 pair of boots
Will    .....        s - amulet of regeneration
Stlth   ++++         C - +6 ring of intelligence
HPRegen 1.13/turn    (no ring)
MPRegen 0.18/turn

%: no passive effects
@: hasted, very quick
A: fangs 1, strong nose, distributed training
a: Renounce Religion


You were on level 10 of the Dungeon.
You worshipped Vehumet.
Vehumet was aware of your devotion.
You visited 2 branches of the dungeon, and saw 11 of its levels.

You collected 646 gold pieces.
You spent 331 gold pieces at shops.

Inventory:

Hand Weapons
 c - a +0 broad axe
 g - a +7 battleaxe of freezing (weapon)
 k - a +2 sling of flaming
 x - a +4 quarterstaff of chaos
 y - a +3 hammer of protection
Missiles
 B - 3 throwing nets
 I - 6 silver javelins
Armour
 a - a +3 leather armour (worn)
 f - a +1 helmet (worn)
 w - a +2 cloak (worn)
 z - a +1 pair of gloves (worn)
 A - a +0 pair of boots (worn)
Jewellery
 n - a +6 ring of dexterity
 s - an amulet of regeneration (around neck)
 t - the Hermit's Pendant {Faith Invo=14 Evo=0 MP+5}
   (You found it on level 4 of the Dungeon)

   [amulet of faith]

   Invo=14: It sets your Invocations skill to 14.
   Evo=0: It sets your Evocations skill to 0.
   It allows you to gain divine favour quickly.
   MP:        It affects your magic capacity (+5).
 C - a +6 ring of intelligence (left hand)
 F - an amulet of magic regeneration
Wands
 i - a wand of light (6)
 l - a wand of roots (1)
 p - a wand of digging (6)
 E - a wand of paralysis (2)
Scrolls
 d - a scroll of identify
 e - a scroll of immolation
 h - a scroll of poison
 j - 2 scrolls of amnesia
 v - a scroll of magic mapping
Potions
 b - 3 potions of magic
 m - a potion of flight
 o - 2 potions of might
 r - 3 potions of resistance
 u - 2 potions of mutation
 D - 2 potions of haste
 H - a potion of brilliance


   Skills:
 + Level 6.8 Fighting
 + Level 6.8 Short Blades
 + Level 6.8 Long Blades
 + Level 6.8 Axes
 + Level 6.8 Maces & Flails
 + Level 6.8 Polearms
 + Level 6.8 Staves
 + Level 6.8 Ranged Weapons
 + Level 6.8 Throwing
 + Level 6.8 Armour
 + Level 8.3 Dodging
 + Level 8.1 Stealth
 + Level 6.8 Shields
 + Level 6.8 Unarmed Combat
 + Level 8.6 Spellcasting
 + Level 5.7 Conjurations
 + Level 5.7 Hexes
 + Level 5.7 Summonings
 + Level 5.7 Necromancy
 + Level 5.7 Translocations
 + Level 6.1 Transmutations
 + Level 5.7 Fire Magic
 + Level 5.7 Ice Magic
 + Level 5.7 Air Magic
 + Level 8.0 Earth Magic
 + Level 5.7 Poison Magic
 + Level 7.5 Invocations
 + Level 6.8 Evocations


You had 13 spell levels left.
You knew the following spells:

 Your Spells              Type           Power      Damage    Failure   Level
a - Sandblast             Erth           100%       2d20      1%          1
b - Stone Arrow           Conj/Erth      90%        3d12      1%          3
c - Passwall              Tmut/Erth      38%        N/A       1%          2
d - Swiftness             Air            39%        N/A       2%          3
e - Freezing Cloud        Conj/Ice/Air   19%        6-21      22%         5

Your spell library contained the following spells:

 Spells                   Type           Power      Damage    Failure   Level
 Scorch                   Fire           78%        2d8       1%          2
 Cigotuvi's Dreadful Rot  Necr/Pois/Air  78%        N/A       1%          2
 Ensorcelled Hibernation  Hex/Ice        78%        N/A       1%          2
 Ignite Poison            Fire/Tmut/Pois 40%        N/A       2%          3
 Inner Flame              Hex/Fire       39%        N/A       2%          3
 Petrify                  Tmut/Erth      46%        N/A       4%          4
 Yara's Violent Unravell  Hex/Tmut       20%        3d9       19%         5
 Enfeeble                 Hex            19%        N/A       100%        7


Dungeon Overview and Level Annotations

Branches:
Dungeon (10/15)            Temple (1/1) D:7            Lair (0/5) D:10
    Orc: D:9-12

Altars:
Ashenzari
Cheibriados
Dithmenos
Elyvilon
Fedhas
Gozag
Hepliaklqana
Kikubaaqudgha
Makhleb
Nemelex Xobeh
Okawaru
Qazlal
Ru
Sif Muna
Trog
Uskayaw
Vehumet
Wu Jian
Xom
Yredelemnul
Zin
The Shining One

Shops:
D:3 *   D:6 *


Innate Abilities, Weirdness & Mutations

You have very sharp teeth.
Your uncanny sense of smell can sniff out nearby items.
Your experience applies equally to all skills.


Message History

Something draws strength from your injuries!
Something hits you. Something bites you but does no damage.
You closely miss something. Something hits you. Something bites you.
Something draws strength from your injuries!
You closely miss something. Something completely misses you.
Something bites you but does no damage.
You hit something. You freeze something. Something hits you.
Something bites you!
* * * LOW HITPOINT WARNING * * *
Something draws strength from your injuries!
Something draws life force from you.
* * * LOW HITPOINT WARNING * * *
You barely miss something. Something hits you but does no damage.
Something bites you.
* * * LOW HITPOINT WARNING * * *
Something draws strength from your injuries!
You hit something. You freeze something. Your bite misses something.
Something closely misses you. Something bites you but does no damage.
You completely miss something.
You hear some strange, mumbled words.
You are confused.
Something hits you!
* * * LOW HITPOINT WARNING * * *
Something bites you but does no damage.
You slash something! You freeze something. Something barely misses you.
Something bites you.
* * * LOW HITPOINT WARNING * * *
Something draws strength from your injuries!
Something hits you!
* * * LOW HITPOINT WARNING * * *
Something bites you but does no damage.
You feel less confused. Something hits you but does no damage.
Something bites you but does no damage.
Things that are here:
a +0 dire flail; a +0 dire flail Something hits you but does no damage.
Something bites you but does no damage.
Okay, then.
Okay, then.
You feel yourself speed up. Something hits you!
You die...

#..........>##.....##.....)....
#...........#.......#....#.###.
#...........#..)....######.# #.
#...............)....# # #.
###.............)....## ##.
#########.....>.....## ....
#............########
#.................#
#.#.@.....#.#####.#
#######.#.).....#.# #.#
#.......##.....##.# #.#
#.......###...###.# #.#
#..........#.## #.#####.#
#............# #.#...#.#
#..........### #.#.#.#.#
#..........# #.#.#.#.###
#..........# #.#.#.#....


There were no monsters in sight!

Vanquished Creatures
  A hydra (D:10)
  3 two-headed ogres
  Pikel (D:6)
  A cyclops (D:8)
  A manticore (D:9)
  Joseph (D:8)
  Maggie (D:6)
  Psyche (D:8)
  A troll (D:7)
  A hornet (D:8)
  3 yaks (D:9)
  Eustachio (D:6)
  A basilisk (D:10)
  Grum (D:8)
  4 vampire mosquitoes (D:10)
  2 wargs (D:10)
  2 water moccasins (D:6)
  Duvessa (D:6)
  4 orc warriors
  A sky beast (D:6)
  2 black bears
  2 wolves (D:8)
  4 centaurs
  A phantom (D:6)
  A kobold brigand (D:10)
  4 bullfrogs
  A scorpion (D:6)
  Dowan (D:6)
  4 wights (D:8)
  24 killer bees
  5 howler monkeys
  4 hounds
  3 orc priests
  A gnoll bouda (D:5)
  7 iguanas
  4 jellies
  2 sleepcaps (D:6)
  Crazy Yiuf (D:4)
  10 orc wizards
  Robin (D:2)
  14 adders
  4 gnolls (D:5)
  A shadow imp (D:6)
  3 white imps
  5 ufetubi
  5 worms
  5 dart slugs
  40 orcs
  7 ball pythons
  2 endoplasms
  A giant cockroach (D:3)
  10 goblins
  13 hobgoblins
  2 jackals (D:3)
  12 kobolds
  5 quokkas
  2 bats (D:1)
  A frilled lizard (D:2)
  3 rats
249 creatures vanquished.

Vanquished Creatures (others)
  Erica (D:8)
1 creature vanquished.

Grand Total: 250 creatures vanquished

Notes
Turn   | Place    | Note
-------+----------+-------------------------------------------
     0 | D:1      | Ijustatesigmund the Gnoll Earth Elementalist began the
                  | quest for the Orb.
     0 | D:1      | Reached XP level 1. HP: 13/13 MP: 6/6
   212 | D:1      | Found a faded altar of an unknown god.
   311 | D:1      | Reached XP level 2. HP: 19/19 MP: 5/7
   996 | D:2      | Reached skill level 5 in Spellcasting
   996 | D:2      | Reached XP level 3. HP: 25/25 MP: 5/9
  1005 | D:2      | Learned a level 3 spell: Stone Arrow
  1262 | D:2      | Reached skill level 1 in Invocations
  1276 | D:2      | Noticed Robin
  1294 | D:3      | Reached skill level 1 in Fighting
  1294 | D:3      | Reached skill level 1 in Short Blades
  1294 | D:3      | Reached skill level 1 in Long Blades
  1294 | D:3      | Reached skill level 1 in Axes
  1294 | D:3      | Reached skill level 1 in Maces & Flails
  1294 | D:3      | Reached skill level 1 in Polearms
  1294 | D:3      | Reached skill level 1 in Staves
  1294 | D:3      | Reached skill level 1 in Ranged Weapons
  1294 | D:3      | Reached skill level 1 in Throwing
  1294 | D:3      | Reached skill level 1 in Armour
  1294 | D:3      | Reached skill level 1 in Shields
  1294 | D:3      | Reached skill level 1 in Unarmed Combat
  1294 | D:3      | Reached skill level 1 in Evocations
  1730 | D:3      | Reached XP level 4. HP: 25/32 MP: 7/11
  1751 | D:2      | Killed Robin
  1883 | D:2      | Reached skill level 1 in Conjurations
  1883 | D:2      | Reached skill level 1 in Hexes
  1883 | D:2      | Reached skill level 1 in Summonings
  1883 | D:2      | Reached skill level 1 in Necromancy
  1883 | D:2      | Reached skill level 1 in Translocations
  1883 | D:2      | Reached skill level 1 in Fire Magic
  1883 | D:2      | Reached skill level 1 in Ice Magic
  1883 | D:2      | Reached skill level 1 in Air Magic
  1883 | D:2      | Reached skill level 1 in Poison Magic
  2775 | D:3      | Found a faded altar of an unknown god.
  2809 | D:3      | Reached XP level 5. HP: 37/37 MP: 8/12
  2813 | D:3      | Learned a level 2 spell: Passwall
  2988 | D:3      | Found a transporter.
  2988 | D:3      | Found Uniowew's Assorted Antiques.
  3234 | D:3      | Found a transporter.
  3446 | D:3      | Found a shimmering altar of Xom.
  3623 | D:3      | Bought a dented copper amulet for 115 gold pieces
  3623 | D:3      | Bought an amethyst potion for 20 gold pieces
  3628 | D:3      | Bought a scroll of identify for 46 gold pieces
  3850 | D:4      | Reached XP level 6. HP: 44/44 MP: 10/13
  4008 | D:4      | Reached skill level 5 in Dodging
  4150 | D:4      | Found a faded altar of an unknown god.
  4150 | D:4      | Found the Hermit's Pendant {Faith Invo=14 Evo=0 MP+5}
  4297 | D:4      | Found a runed translucent door.
  4298 | D:4      | Noticed Crazy Yiuf
  4305 | D:4      | Killed Crazy Yiuf
  4637 | D:5      | Entered Level 5 of the Dungeon
  5130 | D:5      | Reached XP level 7. HP: 42/51 MP: 11/15
  5300 | D:5      | Reached skill level 5 in Stealth
  5817 | D:6      | Reached XP level 8. HP: 58/58 MP: 13/16
  5954 | D:6      | Noticed Pikel
  5962 | D:6      | Killed Pikel
  5963 | D:6      | Reached XP level 9. HP: 64/65 MP: 10/18
  5967 | D:6      | Learned a level 3 spell: Swiftness
  6581 | D:6      | Noticed Eustachio
  6587 | D:6      | Noticed Maggie
  6589 | D:6      | Killed Eustachio
  6604 | D:6      | Killed Maggie
  6876 | D:6      | Found Dyfoiw's Assorted Antiques.
  6916 | D:6      | Reached skill level 5 in Invocations
  7015 | D:6      | Bought an ivory ring for 125 gold pieces
  7015 | D:6      | Bought a scroll labelled RONIXZU QAOCOD for 25 gold pieces
  7259 | D:6      | Noticed Duvessa
  7261 | D:6      | Noticed Dowan
  7264 | D:6      | Killed Duvessa
  7272 | D:6      | Killed Dowan
  7445 | D:7      | Noticed a troll
  7467 | D:7      | Killed a troll
  7808 | D:7      | Reached skill level 5 in Fighting
  7808 | D:7      | Reached skill level 5 in Short Blades
  7808 | D:7      | Reached skill level 5 in Long Blades
  7808 | D:7      | Reached skill level 5 in Axes
  7808 | D:7      | Reached skill level 5 in Maces & Flails
  7808 | D:7      | Reached skill level 5 in Polearms
  7808 | D:7      | Reached skill level 5 in Staves
  7808 | D:7      | Reached skill level 5 in Ranged Weapons
  7808 | D:7      | Reached skill level 5 in Throwing
  7808 | D:7      | Reached skill level 5 in Armour
  7808 | D:7      | Reached skill level 5 in Shields
  7808 | D:7      | Reached skill level 5 in Unarmed Combat
  7808 | D:7      | Reached skill level 5 in Evocations
  7808 | D:7      | Reached XP level 10. HP: 69/74 MP: 12/20
  7980 | D:7      | Found a staircase to the Ecumenical Temple.
  7993 | Temple   | Entered the Ecumenical Temple
  8153 | Temple   | Became a worshipper of Vehumet
  8627 | D:8      | Noticed a two-headed ogre
  9274 | D:8      | Reached skill level 5 in Transmutations
  9284 | D:8      | Noticed Grum
  9293 | D:8      | Killed Grum
  9294 | D:8      | Noticed Erica
  9297 | D:8      | Noticed Joseph
  9392 | D:8      | Killed a two-headed ogre
  9465 | D:8      | Killed Joseph
  9825 | D:8      | Noticed Psyche
  9831 | D:8      | Killed Erica
  9837 | D:8      | Killed Psyche
  9917 | D:8      | Reached skill level 5 in Conjurations
  9917 | D:8      | Reached skill level 5 in Hexes
  9917 | D:8      | Reached skill level 5 in Summonings
  9917 | D:8      | Reached skill level 5 in Necromancy
  9917 | D:8      | Reached skill level 5 in Translocations
  9917 | D:8      | Reached skill level 5 in Fire Magic
  9917 | D:8      | Reached skill level 5 in Ice Magic
  9917 | D:8      | Reached skill level 5 in Air Magic
  9917 | D:8      | Reached skill level 5 in Poison Magic
 10168 | D:8      | Noticed a cyclops
 10175 | D:8      | Killed a cyclops
 10176 | D:8      | Reached XP level 11. HP: 60/81 MP: 9/23
 10346 | D:9      | Found a stormy altar of Qazlal.
 10554 | D:9      | Noticed a manticore
 10567 | D:9      | Killed a manticore
 10695 | D:9      | Found a sacrificial altar of Ru.
 10854 | D:9      | Noticed a two-headed ogre
 10887 | D:9      | Killed a two-headed ogre
 11353 | D:10     | Entered Level 10 of the Dungeon
 11406 | D:10     | Found an ancient bone altar of Kikubaaqudgha.
 11428 | D:10     | Noticed a six-headed hydra
 11455 | D:10     | Killed a six-headed hydra
 11462 | D:10     | Reached * piety under Vehumet
 11462 | D:10     | Offered knowledge of Freeze by Vehumet.
 11842 | D:10     | Found a staircase to the Lair.
 12209 | D:10     | Learned a level 5 spell: Freezing Cloud
 12400 | D:10     | Offered knowledge of Scorch by Vehumet.
 12457 | D:10     | Noticed a two-headed ogre
 12465 | D:10     | Killed a two-headed ogre
 12492 | D:10     | HP: 1/83 [something (7)]
 12496 | D:10     | Slain by a vampire

Illustrated notes

Levels and vault maps discovered:
D:1:      kilobyte_arrival_exit_the_forest, layout_loops_ring,
          shapermc_ecumenical_altar_notcrosses, hangedman_decor_lopped
D:2:      layout_basic, serial_bayou, serial_bayou_shore_b, serial_bayou_pond_d,
          serial_bayou_pond_e, serial_bayou_pond_a, serial_bayou_lagoon_a,
          dk_noncrumbling_3, uniq_robin
D:3:      layout_basic, nicolae_overflow_ecumenical_swirl, serial_shops,
          nicolae_shop_drivethru, serial_co_window_serial, co_window_paths_b,
          co_window_corner_a, co_window_paths_a, co_window_of_opportunity_a,
          co_window_paths_a, co_window_paths_a, co_window_corner_a,
          co_window_corner_a, co_window_paths_a, co_window_broadway_a,
          co_window_of_opportunity_b, co_window_of_opportunity_b,
          co_window_4corner_a, glass_columns_b, glass_columns_a,
          glass_columns_a, kennysheep_generic_room_15
D:4:      layout_loops_ring, hellmonk_guarded_unrand_hermit,
          uniq_crazy_yiuf_cottage
D:5:      layout_rooms
D:6:      minmay_bubble_buster, layout_loops_ring, kennysheep_windowed_goal,
          uniq_maggie, uniq_duvessa, uniq_eustachio, uniq_pikel
D:7:      layout_gridville, minmay_temple_entry_crystal_x, serial_bayou_ford_a,
          minmay_misc_feat_alley
D:8:      layout_layer_cave, uniq_erica, uniq_joseph, uniq_psyche, uniq_grum
D:9:      layout_loops_ring, nicolae_ru_sacrificial_ziggurat,
          grunt_qazlal_sundering
D:10:     layout_basic, kiku_gazebo_garden_becter, erik_lair_orcish_takeover
Temple:   regret_index_temple_mists

Skill      XL: |  1  2  3  4  5  6  7  8  9 10 11 |
---------------+----------------------------------+-----
Transmutations | 2 3 4 5 6 |  6.1
Spellcasting   | 5 6 7 8 |  8.6
Invocations    | 1 2 3 4 5 6 7 |  7.5
Fighting       | 1 2 3 4 5 6 |  6.8
Short Blades   | 1 2 3 4 5 6 |  6.8
Long Blades    | 1 2 3 4 5 6 |  6.8
Axes           | 1 2 3 4 5 6 |  6.8
Maces & Flails | 1 2 3 4 5 6 |  6.8
Polearms       | 1 2 3 4 5 6 |  6.8
Staves         | 1 2 3 4 5 6 |  6.8
Ranged Weapons | 1 2 3 4 5 6 |  6.8
Throwing       | 1 2 3 4 5 6 |  6.8
Armour         | 1 2 3 4 5 6 |  6.8
Shields        | 1 2 3 4 5 6 |  6.8
Unarmed Combat | 1 2 3 4 5 6 |  6.8
Evocations     | 1 2 3 4 5 6 |  6.8
Conjurations   | 1 2 3 4 5 |  5.7
Hexes          | 1 2 3 4 5 |  5.7
Summonings     | 1 2 3 4 5 |  5.7
Necromancy     | 1 2 3 4 5 |  5.7
Translocations | 1 2 3 4 5 |  5.7
Fire Magic     | 1 2 3 4 5 |  5.7
Ice Magic      | 1 2 3 4 5 |  5.7
Air Magic      | 1 2 3 4 5 |  5.7
Poison Magic   | 1 2 3 4 5 |  5.7
Dodging        | 5 6 7 8 |  8.3
Stealth        | 5 6 7 8 |  8.1
Earth Magic    | 6 7 8 |  8.0

Action                     |  1- 3 |  4- 6 |  7- 9 | 10-12 || total
---------------------------+-------+-------+-------+-------++-------
  Melee: Spear             |     1 |       |       |       ||     1
         Broad axe         |       |     7 |       |       ||     7
         Bite              |       |     3 |    14 |    23 ||    40
         Punch             |       |     2 |     4 |     2 ||     8
         Mace              |       |    16 |   108 |    24 ||   148
         Battleaxe         |       |       |       |   197 ||   197
         Quarterstaff      |       |       |       |    10 ||    10
   Cast: Sandblast         |    43 |    77 |    80 |    32 ||   232
         Stone Arrow       |       |     8 |    36 |    48 ||    92
         Passwall          |       |       |     2 |     1 ||     3
  Evoke: Wand              |       |     2 |    10 |    18 ||    30
    Use: Scroll            |     1 |     6 |     4 |    11 ||    22
         Potion            |       |     2 |     1 |     9 ||    12
   Stab: Sleeping          |       |     1 |     1 |     2 ||     4
         Invisible         |       |       |       |     1 ||     1
 Armour: Robe              |     6 |     1 |    12 |       ||    19
         Leather armour    |       |    13 |    85 |   201 ||   299
         Skin              |       |     1 |       |       ||     1
  Dodge: Dodged            |    17 |    58 |   124 |   267 ||   466
